Map: Dusk Towers

Players

JusticeSimon

  • Race: Protoss Protoss
  • League: Diamond

ILLBdA - Winner!

  • Race: Protoss Protoss
  • League: Platinum

VOD

Have the link to the VOD?

Description

Time

  • Played on: Dec. 14, 2015, 2:58 a.m.
  • Length: 17:48
Show
View Real Time Build Order
Export as new Build Order

JusticeSimon Protoss 

Build Orders: Blink Stalkers 

Get SALT Encoding   

  12  0:01  Probe (Chrono Boost)  
  13  0:12  Probe (Chrono Boost)  
  14  0:17  Pylon  
  14  0:23  Probe (Chrono Boost)  
  15  0:36  Probe (Chrono Boost)  
  15  0:40  Gateway  
  16  0:43  Assimilator  
  16  0:46  Probe (Chrono Boost)  
  17  0:57  Probe (Chrono Boost), Assimilator  
  18  1:07  Probe (Chrono Boost)  
  19  1:18  Probe (Chrono Boost)  
  20  1:22  Pylon  
  20  1:28  Cybernetics Core, Probe (Chrono Boost)  
  21  1:39  Probe (Chrono Boost)  
  22  1:50  Probe (Chrono Boost)  
  23  2:04  Nexus  
  23  2:07  Warp Gate  
  23  2:14  Mothership Core (Chrono Boost)  
  25  2:20  Adept  
  27  2:32  Pylon  
  27  2:39  Gateway  
  27  2:42  Probe (Chrono Boost)  
  27  2:53  Probe (Chrono Boost), Adept  
  30  3:03  Probe (Chrono Boost)  
  31  3:08  Robotics Facility  
  31  3:17  Twilight Council  
  31  3:21  Probe (Chrono Boost)  
  31  3:24  Probe (Chrono Boost)  
  33  3:37  Stalker  
  35  3:44  Stalker  
  37  3:50  Pylon  
  37  3:54  Blink (Chrono Boost)  
  37  3:57  Immortal (Chrono Boost)  
  37  4:00  Probe x2  
  43  4:18  Probe x2  
  45  4:26  Stalker  
  45  4:30  Probe x2  
  49  4:36  Pylon  
  49  4:40  Stalker  
  49  4:42  Probe x2, Observer (Chrono Boost)  
  54  4:49  Assimilator  
  54  4:54  Probe x2, Assimilator  
  54  4:58  Forge  
  56  5:04  Stalker  
  58  5:09  Stalker, Observer (Chrono Boost)  
  58  5:10  Probe  
  58  5:11  Probe  
  63  5:22  Probe  
  63  5:23  Probe  
  65  5:28  Pylon  
  65  5:29  Pylon  
  65  5:34  Probe, Photon Cannon  
  67  5:35  Probe  
  67  5:36  Protoss Ground Weapons Level 1 (Chrono Boost)  
  67  6:02  Stalker x2  
  67  6:03  Mothership Core  
  71  6:12  Gateway  
  71  6:13  Gateway  
  71  6:14  Probe  
  71  6:16  Pylon  
  71  6:18  Gateway  
  72  6:19  Gateway, Pylon  
  72  6:24  Probe  
  71  6:31  Stalker x2  
  75  6:38  Pylon  
  75  6:40  Gateway  
  75  6:48  Photon Cannon  
  75  6:49  Pylon  
  75  6:51  Gateway  
  75  6:57  Gateway  
  75  7:02  Immortal (Chrono Boost)  
  79  7:17  Robotics Bay  
  78  7:28  Probe x2  
  80  7:30  Stalker x2  
  80  7:31  Stalker x2  
  80  7:37  Stalker  
  90  7:39  Stalker  
  92  7:50  Warp Prism  
  94  8:00  Pylon  
  94  8:03  Nexus  
  94  8:20  Stalker x3  
  94  8:21  Disruptor  
  103  8:27  Dark Shrine  
  103  8:28  Probe x2  
  103  8:32  Pylon  
  105  8:35  Pylon  
  105  8:47  Stalker x3  
  111  8:53  Stalker  
  113  8:58  Photon Cannon  
  111  9:22  Stalker x3  
  111  9:23  Stalker x2  
  121  9:27  Stalker  
  121  9:29  Protoss Ground Weapons Level 2 (Chrono Boost)  
  123  9:32  Disruptor  
  126  9:43  Robotics Facility  
  126  9:46  Assimilator  
  126  9:50  Assimilator  
  126  9:52  Pylon  
  126  9:57  Stalker x2  
  130  10:03  Pylon  
  130  10:07  Stalker  
  130  10:08  Stalker  
  130  10:11  Probe x3  
  130  10:13  Disruptor  
  135  10:31  Probe  
  135  10:32  Probe x2  
  135  10:34  Stalker  
  135  10:35  Stalker  
  142  10:41  Probe  
  142  10:44  Probe x2  
  142  10:47  Disruptor (Chrono Boost)  
  142  10:48  Disruptor (Chrono Boost)  
  151  10:56  Probe x2  
  151  10:57  Probe  
  154  11:09  Stalker x3  
  154  11:10  Stalker  
  162  11:21  Probe x3  
  167  11:25  Observer x2 (Chrono Boost)  
  167  11:36  Adept x2  
  167  11:37  Adept  
  167  11:38  Pylon  
  173  11:41  Pylon  
  173  11:47  Nexus  
  173  12:15  Disruptor x2 (Chrono Boost)  
  170  12:18  Stalker x3, Adept  
  170  12:19  Stalker x3  
  184  12:26  Resonating Glaives  
  184  12:31  Zealot  
  184  12:32  Zealot  
  184  12:59  Disruptor (Chrono Boost)  
  185  13:27  Pylon  
  181  13:41  Pylon  
  181  13:43  Pylon  
  181  13:48  Stalker x2, Pylon  
  178  13:49  Stalker x3  
  188  13:55  Protoss Ground Weapons Level 3  
  188  14:08  Pylon  
  188  14:10  Stalker x3  
  188  14:12  Stalker, Pylon  
  188  14:13  Stalker x2  
  200  14:33  Gateway  
  200  14:36  Gateway  
  200  14:38  Gateway  
  200  14:41  Gateway  
  200  14:45  Assimilator  
  200  14:48  Photon Cannon  
  200  14:50  Photon Cannon  
  200  14:51  Assimilator  
  200  14:53  Nexus  
Show
View Real Time Build Order
Export as new Build Order

ILLBdA Protoss - Winner!

Build Orders: Phoenix Opening, Blink Stalkers 

Get SALT Encoding   

  12  0:01  Probe (Chrono Boost)  
  13  0:11  Probe (Chrono Boost)  
  14  0:19  Pylon  
  14  0:22  Probe (Chrono Boost)  
  15  0:37  Probe (Chrono Boost)  
  15  0:38  Gateway  
  16  0:43  Assimilator  
  16  0:48  Probe (Chrono Boost)  
  17  0:58  Probe (Chrono Boost)  
  17  0:59  Assimilator  
  18  1:09  Probe (Chrono Boost)  
  19  1:19  Probe (Chrono Boost)  
  19  1:21  Gateway  
  20  1:28  Cybernetics Core  
  20  1:30  Probe (Chrono Boost)  
  21  1:35  Pylon  
  21  1:40  Probe (Chrono Boost)  
  22  1:54  Probe (Chrono Boost)  
  23  2:04  Stalker (Chrono Boost)  
  23  2:05  Warp Gate  
  25  2:14  Stalker (Chrono Boost)  
  25  2:15  Mothership Core  
  29  2:22  Pylon  
  29  2:45  Nexus  
  29  2:57  Probe (Chrono Boost)  
  29  2:58  Stargate  
  30  3:08  Probe (Chrono Boost)  
  31  3:14  Twilight Council  
  31  3:18  Probe (Chrono Boost)  
  32  3:29  Probe (Chrono Boost)  
  33  3:39  Probe (Chrono Boost)  
  34  3:44  Phoenix (Chrono Boost)  
  36  3:50  Probe, Blink (Chrono Boost)  
  37  3:56  Robotics Facility  
  37  3:58  Probe  
  38  4:03  Probe  
  39  4:14  Probe  
  39  4:15  Phoenix  
  39  4:16  Probe  
  43  4:25  Probe  
  43  4:27  Pylon  
  43  4:28  Probe  
  45  4:32  Stalker  
  45  4:35  Probe  
  48  4:39  Pylon  
  48  4:44  Observer  
  49  4:47  Stalker  
  49  4:49  Probe  
  49  4:51  Probe  
  53  5:00  Stalker, Probe  
  53  5:03  Probe  
  53  5:05  Gateway  
  57  5:07  Gateway  
  57  5:10  Probe  
  57  5:12  Assimilator  
  58  5:15  Stalker  
  58  5:17  Assimilator  
  58  5:18  Probe  
  61  5:22  Probe  
  62  5:29  Stalker  
  62  5:30  Warp Prism  
  66  5:44  Pylon  
  66  5:45  Probe  
  67  6:04  Stalker  
  67  6:05  Stalker  
  71  6:24  Stalker  
  71  6:25  Immortal (Chrono Boost)  
  74  6:34  Probe  
  74  6:39  Gateway x2  
  75  6:41  Phoenix  
  77  6:49  Pylon  
  77  6:56  Pylon  
  77  7:08  Adept  
  77  7:09  Adept x3  
  85  7:16  Charge  
  85  7:17  Phoenix  
  85  7:18  Immortal (Chrono Boost)  
  85  7:31  Forge  
  85  7:34  Nexus  
  85  7:36  Pylon  
  83  7:39  Probe  
  84  7:46  Stargate  
  84  7:47  Phoenix  
  84  7:49  Adept x3  
  92  7:56  Probe  
  93  8:02  Protoss Ground Weapons Level 1 (Chrono Boost)  
  93  8:03  Robotics Bay  
  93  8:04  Stalker x3  
  99  8:06  Pylon  
  99  8:13  Photon Cannon  
  99  8:17  Stalker  
  101  8:22  Probe  
  101  8:25  Stalker  
  104  8:37  Zealot x2  
  106  8:54  Disruptor  
  109  9:02  Void Ray  
  113  9:07  Probe x2  
  111  9:10  Probe, Assimilator  
  111  9:13  Assimilator  
  116  9:24  Pylon x2  
  116  9:28  Probe  
  116  9:30  Disruptor  
  120  9:36  Pylon  
  120  9:37  Pylon  
  120  9:44  Zealot x2  
  120  9:45  Void Ray, Zealot x2  
  132  9:46  Probe x2  
  134  10:03  Fleet Beacon  
  134  10:04  Probe  
  134  10:06  Disruptor  
  138  10:22  Probe  
  139  10:28  Gateway  
  139  10:29  Gateway  
  139  10:34  Gateway  
  137  10:37  Protoss Ground Weapons Level 2  
  137  10:41  Disruptor  
  142  10:45  Photon Cannon  
  142  10:48  Tempest (Chrono Boost)  
  142  10:49  Tempest (Chrono Boost)  
  140  11:24  Dark Shrine  
  140  11:25  Nexus, Pylon  
  140  11:27  Pylon  
  148  11:33  Pylon  
  146  11:41  Tempest (Chrono Boost)  
  146  11:46  Pylon  
  150  11:47  Pylon  
  150  11:48  Probe, Pylon  
  150  11:50  Tempest (Chrono Boost)  
  155  11:54  Pylon x2  
  155  12:00  Stalker x2  
  148  12:18  Tempest (Chrono Boost)  
  151  12:23  Zealot x6  
  151  12:24  Zealot x3  
  151  12:26  Tempest (Chrono Boost)  
  165  12:43  Dark Templar x2  
  155  13:02  Tempest  
  155  13:04  Nexus, Pylon  
  159  13:07  Tempest  
  159  13:17  Probe  
  164  13:26  Dark Templar  
  164  13:41  Zealot x2  
  164  13:42  Zealot x3  
  164  13:45  Probe, Tempest  
  177  13:50  Disruptor  
  177  13:53  Probe x2  
  182  14:06  Probe  
  182  14:09  Assimilator  
  183  14:10  Probe  
  183  14:11  Tempest  
  183  14:12  Assimilator  
  183  14:14  Probe  
  189  14:18  Probe  
  189  14:19  Probe  
  189  14:22  Probe  
  192  14:27  Photon Cannon  
  192  14:33  Pylon  
  192  14:34  Photon Cannon  
  192  14:40  Templar Archives  
  192  14:48  Dark Templar x2  
  192  14:52  Archon  
  174  15:10  Adept x5  
  158  15:26  Tempest  
  162  15:35  Stalker x2  
  162  15:36  Stalker x4  
  162  15:37  Stalker x2  
  162  15:40  Probe  
  162  15:42  Probe x2  
  162  15:47  Pylon  
  162  15:49  Mothership Core  
  162  15:54  High Templar  
  162  15:57  High Templar  
  162  16:01  Archon  
  162  16:03  Stalker x3  
  162  16:19  Probe  
  162  17:27  High Templar x3  
  162  17:31  Archon  
Tags
 
Add a new tag
Caveats
  • Supply blocks, unpowered buildings, or Contaminate may cause inaccurate times.
  • Supply counts are checked every 10 seconds.